 Dungeon Crawl Stone Soup version 0.30-a0-777-ga9a30cbeda (webtiles) character file.

Game seed: 10784466458906186247

130736 bobo the Eclecticist (level 16, 0/102 HPs)
             Began as a Deep Elf Earth Elementalist on Feb 14, 2023.
             Was a High Priest of Vehumet.
             Slain by an eight-headed hydra (10 damage)
             ... while paralysed by a fenstrider witch
             ... on level 4 of the Swamp.
             The game lasted 02:46:40 (41850 turns).

bobo the Eclecticist (Deep Elf Earth Elementalist) Turns: 41850, Time: 02:46:41

Health: 0/102      AC: 19    Str: 11    XL:     16   Next: 53%
Magic:  8/39       EV:  2    Int: 29    God:    Vehumet [*****.]
Gold:   577        SH:  0    Dex: 15    Spells: 2/50 levels left

rFire   . . .      SeeInvis .    j - +4 dagger (elec)
rCold   . . .      Faith    .    b - +0 buckler
rNeg    . . .      Spirit   .    Y - quicksilver dragon scales
rPois   .          Reflect  +    l - +2 hat
rElec   .          Harm     .    w - +1 cloak {rCorr}
rCorr   +          Rampage  .    N - +0 pair of gloves
Will    ++...                    (no boots)
Stlth   ++++                     V - amulet of Sophism {Reflect Slay+4 SH+5}
HPRegen 0.37/turn                g - +4 ring of protection
MPRegen 0.26/turn                u - +6 ring of strength

@: paralysed, lethally poisoned (0 -> -7), swift, quick
A: no striking features
a: Renounce Religion


You were on level 4 of the Swamp.
You worshipped Vehumet.
Vehumet was extremely pleased with you.
You visited 5 branches of the dungeon, and saw 27 of its levels.
You visited 1 bazaar.
You also visited: Gauntlet and Volcano.

You collected 3044 gold pieces.
You spent 2467 gold pieces at shops.

Inventory:

Hand Weapons
 j - a +4 dagger of electrocution (weapon)
Missiles
 v - 2 throwing nets
Armour
 b - a +0 buckler (worn)
 l - a +2 hat (worn)
 w - a +1 cloak of preservation (worn)
 N - a +0 pair of gloves (worn)
 Y - quicksilver dragon scales (worn)
Magical Staves
 Z - a staff of air
Jewellery
 g - a +4 ring of protection (left hand)
 h - a ring of protection from cold
 q - an amulet of the acrobat
 u - a +6 ring of strength (right hand)
 E - a ring of magical power
 V - the amulet of Sophism (around neck) {Reflect Slay+4 SH+5}
   (You found it in a Gauntlet)

   [amulet of reflection]

   It reflects blocked missile attacks.
   Slay:      It affects your accuracy & damage with ranged weapons and melee
   (+4).
   SH:        It affects your SH (+5).
Wands
 I - a wand of polymorph (14)
 K - a wand of digging (13)
 L - a wand of mindburst (25)
 M - a wand of roots (3)
 O - a wand of acid (6)
 Q - a wand of charming (10)
 S - a wand of flame (13)
Scrolls
 e - 8 scrolls of fog
 f - a scroll of magic mapping
 m - 8 scrolls of teleportation
 o - 7 scrolls of identify
 p - 3 scrolls of poison
 r - 7 scrolls of vulnerability
 s - 4 scrolls of enchant armour
 x - 2 scrolls of fear
 y - 3 scrolls of immolation
 F - a scroll of noise
 J - 4 scrolls of blinking
 P - 3 scrolls of butterflies
Potions
 a - 4 potions of might
 c - a potion of brilliance
 d - a potion of cancellation
 i - a potion of flight
 k - 19 potions of curing
 n - 4 potions of resistance
 t - 3 potions of haste
 z - a potion of magic
 A - 3 potions of heal wounds
 B - 2 potions of mutation
 D - 3 potions of ambrosia
 H - 2 potions of berserk rage


   Skills:
 - Level 12.3 Fighting
 - Level 3.2 Armour
 - Level 10.4 Dodging
 - Level 11.2 Stealth
 - Level 6.0 Shields
 + Level 17.9 Spellcasting
 + Level 12.2 Conjurations
 - Level 5.0 Hexes
 - Level 4.0 Translocations
 - Level 4.2 Transmutations
 + Level 5.4 Fire Magic
 - Level 7.3 Air Magic
 - Level 11.3 Earth Magic


You had 2 spell levels left.
You knew the following spells:

 Your Spells              Type           Power      Damage    Failure   Level
a - Iron Shot             Conj/Erth      38%        9d8       1%          6
b - Iskenderun's Battles  Conj           77%        2d13      1%          5
c - Mephitic Cloud        Conj/Pois/Air  59%        N/A       1%          3
d - Fireball              Conj/Fire      33%        3d14      1%          5
e - Swiftness             Air            62%        N/A       1%          3
f - Foxfire               Conj/Fire      100%       2x1d9     1%          1
q - Airstrike             Air            31%        2d(5-21)  1%          4
r - Petrify               Tmut/Erth      63%        N/A       1%          4
s - Stone Arrow           Conj/Erth      100%       3d13      1%          3
w - Passwall              Tmut/Erth      52%        N/A       1%          2
x - Arcjolt               Conj/Air       35%        1d45      1%          5
y - Yara's Violent Unrav  Hex/Tmut       26%        3d11      5%          5
z - Blink                 Tloc           98%        N/A       1%          2

Your spell library contained the following spells:

 Spells                   Type           Power      Damage    Failure   Level
 Eringya's Noxious Bog    Tmut/Pois      19%        N/A       58%         6
 Apportation              Tloc           98%        N/A       1%          1
 Freeze                   Ice            100%       1d10      1%          1
 Magic Dart               Conj           100%       1d8       1%          1
 Sandblast                Erth           100%       2d20      1%          1
 Shock                    Conj/Air       100%       1d9       1%          1
 Lesser Beckoning         Tloc           98%        N/A       1%          2
 Momentum Strike          Conj/Tloc      100%       3d10      1%          2
 Poisonous Vapours        Pois/Air       94%        N/A       1%          2
 Scorch                   Fire           100%       2d10      1%          2
 Cigotuvi's Dreadful Rot  Necr/Pois/Air  80%        N/A       2%          2
 Necrotise                Necr           100%       1d9       4%          1
 Summon Small Mammal      Summ           100%       N/A       4%          1
 Call Imp                 Summ           25%        N/A       8%          2
 Hailstorm                Conj/Ice       57%        3d12      1%          3
 Kindle Blastsparks       Fire/Tloc/Air  100%       2d18      1%          3
 Vhi's Electric Charge    Tloc/Air       100%       N/A       1%          3
 Flame Wave               Conj/Fire      67%        2d15      1%          4
 Fulminant Prism          Conj/Hex       33%        3d16      1%          4
 Iskenderun's Mystic Bla  Conj/Tloc      65%        2d13      1%          4
 Leda's Liquefaction      Hex/Erth       32%        N/A       1%          4
 Lee's Rapid Deconstruct  Erth           37%        3d19*     1%          5
 Conjure Ball Lightning   Conj/Air       35%        3x3d11    3%          6
 Frozen Ramparts          Ice            50%        1d8       4%          3
 Animate Armour           Summ/Erth      100%       N/A       4%          4
 Summon Guardian Golem    Hex/Summ       40%        N/A       5%          3
 Orb of Destruction       Conj           38%        9d11      7%          7
 Manifold Assault         Tloc           49%        N/A       10%         4
 Blade Hands              Tmut           25%        N/A       24%         5
 Statue Form              Tmut/Erth      42%        N/A       30%         6
 Spellforged Servitor     Conj/Summ      28%        N/A       58%         7
 Maxwell's Capacitive Co  Air            31%        ∞         97%         8
 Storm Form               Tmut/Air       28%        N/A       98%         7
 Summon Cactus Giant      Summ           12%        N/A       100%        6
 Shatter                  Erth           37%        3d30*     100%        9


Dungeon Overview and Level Annotations

Branches:
Dungeon (15/15)            Temple (1/1) D:6            Lair (5/5) D:8
  Swamp (4/4) Lair:2        Snake (0/4) Lair:2        Slime (0/5) Lair:5
    Orc (2/2) D:9             Elf (0/3) Orc:2        Vaults (0/5) D:14
Volcano (visited)         Gauntlet (visited)
 Depths: D:15

Altars:
Ashenzari
Cheibriados
Dithmenos
Elyvilon
Fedhas
Gozag
Kikubaaqudgha
Makhleb
Nemelex Xobeh
Okawaru
Qazlal
Sif Muna
Trog
Uskayaw
Vehumet
Wu Jian
Xom
Yredelemnul
Zin
The Shining One
Jiyva

Shops:
D:6 =   Orc:2 :(::!

Annotations:
D:9 exclusion: door
Swamp:3 2 transporters, Fumiod's ghost, adept DjFE
Orc:2 Saint Roka


Message History

Moving in this stuff is going to be slow.
The fenstrider witch attacks as you move away!
You block the fenstrider witch's attack. x2
The alligator puts on a burst of speed!
The fenstrider witch hits you. The fenstrider witch kicks you.
The fenstrider witch attacks as you move away!
You block the fenstrider witch's attack.
The fenstrider witch kicks you but does no damage.
The fenstrider witch casts a spell at you.
The toxic sludge hits you!
You are poisoned.
Splash!
You fall into the toxic bog.
Moving in this stuff is going to be slow.
The alligator attacks as you move away!
The alligator bites you but does no damage.
You block the alligator's attack.
You feel extremely sick.
The fenstrider witch casts a spell at you.
You suddenly lose the ability to move!
The alligator bites you! The alligator tail-slaps you.
You feel very sick.
The alligator bites you but does no damage.
The alligator tail-slaps you but does no damage.
The eight-headed hydra festers in the toxic bog.
The eight-headed hydra is poisoned.
The eight-headed hydra bites you! The eight-headed hydra bites you.
The eight-headed hydra bites you!
* * * LOW HITPOINT WARNING * * *
The eight-headed hydra bites you but does no damage. x2
The eight-headed hydra bites you!
* * * LOW HITPOINT WARNING * * *
The eight-headed hydra bites you but does no damage. x2
The alligator bites you but does no damage.
The alligator tail-slaps you but does no damage.
You feel very sick.
The eight-headed hydra bites you but does no damage.
The eight-headed hydra barely misses you.
The eight-headed hydra bites you but does no damage.
The eight-headed hydra bites you!
You die...

♣~..~~.♣ ....♣ ♣.~..~♣♣.~.♣♣♣
....~~.♣ ♣...♣ ♣.~~§~♣♣...♣~.
~♣~~.♣♣♣ ♣^..♣ ♣.~~~~....~~..
♣♣~..♣♣♣ ♣.~.♣♣♣♣♣.~~"§~~...♣..
♣♣♣~<~♣♣ ♣~~.♣~~~~..~.~~~~...~.
♣♣♣..~.~♣♣ ♣~~~♣.~~....~~....~..~
...§...~~♣♣♣..~......#.......♣~~.
~~~.~~~.~.~.♣...HD..~~....~~♣♣♣~~
~~~.~♣.§~~~<....@t♣..~.≈≈♣~.≈♣♣♣.
~~~~.♣~~.~~~.~).♣♣♣#~.♣♣♣~.~..♣ ♣
~~~..♣♣♣~~~~§...~♣♣~..♣ ♣~†§.#.♣
~~~[.♣♣♣..~~~~~~~.~~~♣♣♣.#§..# .♣
§~~~....~...†~~~~~~~♣♣ ♣≈#D.## ♣
~~~~~~~~..~~~..~~~~♣♣ . ##.##
.~~~~~~~.♣♣♣~~..§§~♣ ♣≈ #°†.#
.....~~~§~♣~~~~..~.♣ ♣ #○○†#
≈≈≈≈≈.~[(~♣~§~.♣~.♣~♣ #≈...§#


You could see an alligator (swift, poisoned), an eight-headed hydra (very
poisoned) and a fenstrider witch.

Vanquished Creatures
  Nikola (Swamp:4)
  A thorn hunter (Swamp:3)
  Roxanne (Swamp:2)
  An orc warlord (Orc:1)
  3 bunyips
  An eleionoma (Swamp:4)
  Azrael (Orc:2)
  Nessos (Lair:4)
  A minotaur (Gauntlet)
  A red draconian (Volcano)
  Josephine (D:14)
  A shambling mangrove (Swamp:2)
  17 hydras
  Erolcha (D:13)
  3 catoblepae (Lair:5)
  4 boulder beetles
  2 ghost crabs
  18 death yaks
  13 two-headed ogres
  2 centaur warriors (D:13)
  2 ogre magi
  A tengu warrior (D:14)
  2 alligators
  A spriggan berserker (Swamp:4)
  An orc high priest (Orc:2)
  Urug (Orc:2)
  A thrashing horror (Gauntlet)
  Amaemon (Lair:1)
  An iron troll (D:14)
  Lodul (D:11)
  7 goliath frogs
  4 spriggan druids
  A skyshark (Lair:3)
  6 swamp dragons
  Pikel (D:4)
  9 bog bodies
  A wizard (D:9)
  2 orc knights
  2 will-o-the-wisps (Swamp:4)
  2 orc sorcerers
  3 manticores
  2 ugly things
  4 cyclopes
  13 elephants
  Maurice (Orc:2)
  3 black mambas
  2 molten gargoyles (Volcano)
  An orange demon (Lair:1)
  A torpor snail (Lair:3)
  10 cane toads
  A minotaur zombie (Gauntlet)
  2 gargoyles
  2 unseen horrors (D:12)
  A rime drake (Lair:3)
  9 komodo dragons
  A tengu conjurer (D:14)
  A freezing wraith (D:14)
  7 hornets
  3 meliai (D:14)
  8 trolls
  3 polar bears
  8 tyrant leeches
  Grinder (D:3)
  A blink frog (shapeshifter) (D:14)
  12 blink frogs
  5 slime creatures (D:13)
  2 vampires
  Sigmund (D:2)
  6 wyverns
  2 basilisks
  A shadow (D:10)
  16 spriggans
  2 fire elementals (Orc:2)
  2 steam dragons
  4 wraiths (D:14)
  3 small abominations (Gauntlet)
  65 yaks
  17 vampire mosquitoes
  2 nagas (Lair:2)
  9 wargs
  15 water moccasins
  19 swamp worms
  2 hell hounds (Orc:2)
  Duvessa (D:7)
  31 orc warriors
  5 swamp drakes
  2 sky beasts (D:8)
  An ice beast (D:8)
  A black bear (D:4)
  5 centaurs
  14 ogres
  17 wolves
  A phantom (D:4)
  2 lemures (D:4)
  7 kobold brigands
  6 bullfrogs
  2 necrophages
  5 scorpions
  A gnoll sergeant (D:8)
  12 wights
  Dowan (D:7)
  7 killer bees
  4 howler monkeys
  2 vampire bats (Orc:2)
  2 electric eels (Lair:5)
  9 lava snakes
  4 hounds
  16 orc priests
  19 jellies
  A gnoll bouda (D:6)
  5 iguanas
  18 orc wizards
  Robin (D:3)
  7 gnolls
  10 adders
  4 river rats (D:7)
  2 shadow imps
  2 white imps
  An ufetubus (D:4)
  A worm (D:2)
  3 dart slugs
  82 orcs
  10 endoplasms
  A giant cockroach (D:3)
  20 goblins
  9 hobgoblins
  22 kobolds
  2 quokkas
  2 ball pythons
  11 bats
  4 frilled lizards (D:1)
  9 rats
798 creatures vanquished.

Vanquished Creatures (others)
  A bush (Lair:5)
  124 foxfires
  37 fungi
  85 plants
247 creatures vanquished.

Grand Total: 1045 creatures vanquished

Notes
Turn   | Place    | Note
-------+----------+-------------------------------------------
     0 | D:1      | bobo the Deep Elf Earth Elementalist began the quest for
                  | the Orb.
     0 | D:1      | Reached XP level 1. HP: 10/10 MP: 6/6
   156 | D:1      | Reached XP level 2. HP: 15/15 MP: 4/8
   159 | D:1      | Learned a level 2 spell: Passwall
   857 | D:2      | Reached skill level 4 in Spellcasting
   925 | D:2      | Reached XP level 3. HP: 19/19 MP: 8/10
   929 | D:2      | Learned a level 3 spell: Stone Arrow
  1147 | D:2      | Noticed Sigmund
  1360 | D:2      | Reached skill level 1 in Conjurations
  1552 | D:2      | Reached XP level 4. HP: 24/24 MP: 10/12
  1557 | D:2      | Learned a level 4 spell: Petrify
  1904 | D:3      | Found an opulent altar of Gozag.
  1906 | D:3      | Noticed Grinder
  1909 | D:3      | Killed Grinder
  1910 | D:3      | Reached skill level 5 in Spellcasting
  1910 | D:3      | Reached skill level 5 in Earth Magic
  1910 | D:3      | Reached XP level 5. HP: 28/28 MP: 5/15
  1910 | D:3      | Reached XP level 6. HP: 32/32 MP: 5/16
  2162 | D:3      | Found a burning altar of Makhleb.
  2183 | D:3      | Noticed Robin
  2192 | D:3      | Killed Robin
  2735 | D:4      | Noticed a water moccasin
  2792 | D:4      | Reached skill level 6 in Spellcasting
  2897 | D:2      | Killed Sigmund
  2898 | D:2      | Reached XP level 7. HP: 36/36 MP: 8/18
  3522 | D:4      | Reached skill level 7 in Spellcasting
  3827 | D:4      | Identified the +2 robe of the Gate {rPois Str-3 Int+3}
  3872 | D:4      | Learned a level 3 spell: Swiftness
  3877 | D:4      | Learned a level 4 spell: Airstrike
  3914 | D:4      | Reached skill level 1 in Air Magic
  4019 | D:4      | Noticed Pikel
  4147 | D:5      | Entered Level 5 of the Dungeon
  4173 | D:5      | Reached XP level 8. HP: 41/41 MP: 8/21
  4840 | D:5      | Reached skill level 1 in Fighting
  4840 | D:5      | Reached skill level 8 in Spellcasting
  6383 | D:4      | Killed Pikel
  6384 | D:4      | Reached skill level 9 in Spellcasting
  6384 | D:4      | Reached XP level 9. HP: 42/51 MP: 0/24
  6611 | D:6      | Found a staircase to the Ecumenical Temple.
  6615 | D:6      | Learned a level 2 spell: Blink
  6638 | Temple   | Entered the Ecumenical Temple
  6813 | Temple   | Became a worshipper of Vehumet
  6990 | D:6      | Found Ruxkaof's Jewellery Emporium.
  7003 | D:6      | Noticed a two-headed ogre
  7013 | D:6      | Killed a two-headed ogre
  7014 | D:6      | Reached skill level 10 in Spellcasting
  7014 | D:6      | Reached skill level 5 in Air Magic
  7775 | D:7      | Found a shadowy altar of Dithmenos.
  7779 | D:7      | Noticed Duvessa
  7785 | D:7      | Noticed Dowan
  7786 | D:7      | Reached skill level 1 in Translocations
  8000 | D:7      | Identified the +6 quarterstaff "Conservator" {flame, MP+9}
  8136 | D:7      | Killed Duvessa
  8138 | D:7      | Killed Dowan
  8139 | D:7      | Reached skill level 5 in Fighting
  8142 | D:7      | Reached * piety under Vehumet
  8142 | D:7      | Offered knowledge of Magic Dart by Vehumet.
  8147 | D:7      | Learned a level 1 spell: Magic Dart
  8705 | D:7      | Reached XP level 10. HP: 59/59 MP: 16/26
  9094 | D:7      | Learned a level 3 spell: Hailstorm
  9379 | D:8      | Found a staircase to the Lair.
  9478 | D:8      | Offered knowledge of Foxfire by Vehumet.
  9478 | D:8      | Reached ** piety under Vehumet
  9556 | D:8      | Learned a level 1 spell: Foxfire
  9804 | D:8      | Reached skill level 5 in Stealth
 10322 | D:8      | Reached skill level 5 in Dodging
 10623 | Lair:1   | Entered Level 1 of the Lair of Beasts
 10721 | Lair:1   | Noticed a cane toad
 10723 | Lair:1   | Killed a cane toad
 10904 | Lair:1   | Reached skill level 11 in Spellcasting
 11053 | D:8      | Learned a level 6 spell: Iron Shot
 11186 | Lair:1   | Noticed a cane toad
 11205 | Lair:1   | Killed a cane toad
 11216 | Lair:1   | Offered knowledge of Searing Ray by Vehumet.
 11359 | Lair:1   | Reached XP level 11. HP: 59/66 MP: 19/28
 11418 | D:9      | Reached skill level 5 in Conjurations
 11856 | D:9      | Reached *** piety under Vehumet
 11860 | D:9      | Noticed a two-headed ogre
 12000 | D:9      | Killed a two-headed ogre
 12142 | D:9      | Found a staircase to the Orcish Mines.
 12637 | D:9      | Found a shadowy altar of Dithmenos.
 12871 | D:9      | Reached skill level 12 in Spellcasting
 13051 | D:9      | Noticed a wizard
 13053 | D:9      | Killed a wizard
 13085 | D:9      | Noticed a large abomination
 13085 | D:9      | Noticed a large abomination
 13224 | D:9      | Found a snail-covered altar of Cheibriados.
 13224 | D:9      | Found a glowing silver altar of Zin.
 13341 | D:10     | Entered Level 10 of the Dungeon
 13343 | D:10     | Offered knowledge of Sticky Flame by Vehumet.
 14087 | D:10     | Found a shadowy altar of Dithmenos.
 14495 | Lair:1   | Noticed Amaemon
 14541 | Lair:1   | Killed Amaemon
 14984 | Lair:1   | Learned a level 3 spell: Mephitic Cloud
 15063 | Lair:1   | Reached XP level 12. HP: 73/73 MP: 16/30
 15074 | Lair:1   | Reached **** piety under Vehumet
 15870 | Lair:1   | Offered knowledge of Arcjolt by Vehumet.
 16057 | D:8      | Learned a level 5 spell: Arcjolt
 17634 | Lair:2   | Noticed a boulder beetle
 17652 | Lair:2   | Killed a boulder beetle
 17846 | Lair:2   | Found a staircase to the Snake Pit.
 17855 | Lair:2   | You fall into a shaft and drop 2 floors!
 17950 | Lair:4   | Identified the +7 long sword "Getremomm" {spect, Drain
                  | *Slow rPois rN+++}
 18173 | Lair:3   | Found a dark tunnel.
 18196 | Volcano  | Entered a volcano
 18400 | Volcano  | Found a burning altar of Makhleb.
 18400 | Volcano  | Noticed a two-headed ogre
 18400 | Volcano  | Noticed a two-headed ogre
 18400 | Volcano  | Noticed an ogre mage
 18400 | Volcano  | Noticed a two-headed ogre
 18403 | Volcano  | Killed an ogre mage
 18403 | Volcano  | Killed a two-headed ogre
 18405 | Volcano  | Killed a two-headed ogre
 18406 | Volcano  | Reached XP level 13. HP: 80/80 MP: 16/31
 18428 | Volcano  | Reached skill level 10 in Stealth
 18454 | Volcano  | Noticed a red draconian
 18622 | Volcano  | Killed a red draconian
 19020 | Lair:4   | Reached ***** piety under Vehumet
 19361 | Lair:2   | Offered knowledge of Freezing Cloud by Vehumet.
 19362 | Lair:2   | Reached skill level 10 in Dodging
 19848 | Lair:2   | Found a staircase to the Swamp.
 20508 | Lair:3   | Reached skill level 10 in Fighting
 20901 | Lair:4   | Reached skill level 13 in Spellcasting
 21330 | Lair:4   | Noticed Nessos
 21342 | Lair:4   | Killed Nessos
 21640 | Lair:5   | Entered Level 5 of the Lair of Beasts
 22165 | D:11     | Noticed Lodul
 22355 | D:11     | Killed Lodul
 22553 | D:11     | Found a hide-covered altar of Uskayaw.
 22702 | D:12     | Reached skill level 10 in Earth Magic
 23787 | D:13     | Found a gate leading to a gauntlet.
 23807 | D:13     | Reached XP level 14. HP: 75/88 MP: 13/33
 23897 | Gauntlet | Entered a Gauntlet
 23897 | Gauntlet | Found a transporter.
 23897 | Gauntlet | Found a transporter.
 23897 | Gauntlet | Found a transporter.
 23932 | Gauntlet | Found a transporter.
 23935 | Gauntlet | Found a transporter.
 23946 | Gauntlet | Found a transporter.
 23967 | Gauntlet | Found a transporter.
 23989 | Gauntlet | Found a transporter.
 24006 | Gauntlet | Found a transporter.
 24014 | Gauntlet | Found a transporter.
 24032 | Gauntlet | Found a transporter.
 24096 | Gauntlet | Found a transporter.
 24393 | Gauntlet | Identified the +1 cloak of the Northern Lights {Harm rElec
                  | rF-}
 24395 | Gauntlet | Identified the amulet of Sophism {Reflect Slay+4 SH+5}
 24521 | Gauntlet | Identified the +1 helmet of the Bull {rPois rC++ Int-2
                  | Dex+2}
 24738 | Gauntlet | Identified the +3 leather armour "Ogeiciry" {-Tele +Inv
                  | Will+++ Dex+3}
 25694 | D:13     | Reached skill level 1 in Armour
 25694 | D:13     | Reached skill level 1 in Shields
 25840 | D:13     | Offered knowledge of Yara's Violent Unravelling by Vehumet.
 25850 | D:13     | Learned a level 5 spell: Yara's Violent Unravelling
 25888 | D:13     | Noticed Erolcha
 25891 | D:13     | Killed Erolcha
 26653 | Lair:5   | Found a viscous altar of Jiyva.
 26942 | Orc:1    | Entered Level 1 of the Orcish Mines
 27126 | Orc:1    | Noticed an orc warlord
 27252 | Orc:1    | Killed an orc warlord
 27678 | Orc:1    | Found a bloodstained altar of Trog.
 28279 | Orc:2    | Entered Level 2 of the Orcish Mines
 28279 | Orc:2    | Noticed Maurice
 28282 | Orc:2    | Killed Maurice
 28399 | Orc:2    | Noticed Urug
 28512 | Orc:2    | Noticed Azrael
 28517 | Orc:2    | Killed Azrael
 28609 | Orc:2    | Killed Urug
 28733 | Orc:2    | Reached skill level 14 in Spellcasting
 28733 | Orc:2    | Reached skill level 1 in Hexes
 29081 | Orc:2    | Found Zailix's Distillery.
 29088 | Orc:2    | Bought a potion of cancellation for 120 gold pieces
 29088 | Orc:2    | Bought a potion of curing for 45 gold pieces
 29088 | Orc:2    | Bought a potion of resistance for 150 gold pieces
 29088 | Orc:2    | Bought a potion of heal wounds for 75 gold pieces
 29779 | Orc:2    | Found a gateway to a bazaar.
 29793 | Bazaar   | Entered a bazaar
 29793 | Bazaar   | Found Hecweafu's Book Emporium.
 29793 | Bazaar   | Found Puigrul's Antique Weapon Shop.
 29793 | Bazaar   | Found Jociepp's General Store.
 29793 | Bazaar   | Found Zajiuset's General Store.
 29795 | Bazaar   | Found Anguer's Distillery.
 29795 | Bazaar   | Found Osoumal's Assorted Antiques.
 29800 | Bazaar   | Bought a scroll of butterflies for 36 gold pieces
 29803 | Bazaar   | Bought a potion of might for 44 gold pieces
 29803 | Bazaar   | Bought a potion of magic for 88 gold pieces
 29803 | Bazaar   | Bought a potion of magic for 88 gold pieces
 29808 | Bazaar   | Bought a scroll of teleportation for 60 gold pieces
 29808 | Bazaar   | Bought a scroll of identify for 40 gold pieces
 29811 | Bazaar   | Bought a potion of berserk rage for 50 gold pieces
 29811 | Bazaar   | Bought a potion of mutation for 80 gold pieces
 29815 | Bazaar   | Bought a faintly glowing great sword for 276 gold pieces
 29815 | Bazaar   | Identified the +9 great sword of the Secret Prophets
                  | {heavy, rN+ Dex+4} (You bought it in a shop in a bazaar)
 29820 | Bazaar   | Bought a book of Blasting for 480 gold pieces
 29820 | Bazaar   | Bought Maxwell's Memoranda for 456 gold pieces
 30002 | Orc:2    | Found Gothuribb's Book Shoppe.
 30058 | Orc:2    | Found Ytwo's Book Shop.
 30118 | Orc:2    | Found Puiphasa's Antique Weapon Shop.
 30128 | Orc:2    | Bought an encrusted trident for 161 gold pieces
 30128 | Orc:2    | Identified the +1 trident of Wondrous Power {venom, rPois
                  | rF++ Will- Dex+4} (You bought it in a shop on level 2 of
                  | the Orcish Mines)
 30130 | Orc:2    | Bought a pitted great mace for 218 gold pieces
 30130 | Orc:2    | Identified the +5 great mace "Toitragg" {spect, rC+} (You
                  | bought it in a shop on level 2 of the Orcish Mines)
 30262 | Orc:2    | Noticed Saint Roka
 30280 | Orc:2    | Found Vaustriny's Book Shoppe.
 30674 | Lair:5   | Offered knowledge of Lightning Bolt by Vehumet.
 30683 | Lair:5   | Found a staircase to the Slime Pits.
 31408 | Lair:3   | Reached skill level 5 in Hexes
 31408 | Lair:3   | Reached XP level 15. HP: 76/95 MP: 19/35
 31414 | Lair:3   | Learned a level 5 spell: Iskenderun's Battlesphere
 32067 | Lair:5   | Reached skill level 15 in Spellcasting
 32281 | Lair:5   | Reached skill level 5 in Shields
 34575 | D:14     | Noticed Josephine
 34585 | D:14     | Killed Josephine
 35017 | D:14     | Found a gate to the Vaults.
 35208 | D:15     | Entered Level 15 of the Dungeon
 35210 | D:15     | Found a broken altar of Ashenzari.
 35475 | Orc:2    | Reached skill level 10 in Conjurations
 35663 | Orc:2    | Found a staircase to the Elven Halls.
 36578 | Swamp:1  | Entered Level 1 of the Swamp
 36831 | Swamp:1  | Offered knowledge of Irradiate by Vehumet.
 36984 | Swamp:1  | Reached skill level 16 in Spellcasting
 38901 | Swamp:2  | Reached XP level 16. HP: 102/102 MP: 22/38
 39015 | Swamp:2  | Learned a level 5 spell: Fireball
 39209 | Swamp:2  | Identified Roxanne's Grimoire of Bedrock
 39209 | Swamp:2  | Noticed Roxanne
 39279 | Swamp:2  | Killed Roxanne
 39520 | Swamp:3  | Reached skill level 1 in Fire Magic
 39522 | Swamp:3  | Offered knowledge of Eringya's Noxious Bog by Vehumet.
 39605 | Swamp:3  | Reached skill level 17 in Spellcasting
 39865 | Swamp:3  | Noticed a thorn hunter
 39866 | Swamp:3  | Killed a thorn hunter
 40361 | Swamp:3  | Noticed Fumiod's ghost (adept DjFE)
 40364 | Swamp:3  | Found a bloodstained altar of Trog.
 40390 | Swamp:3  | Found a transporter.
 40392 | Swamp:3  | Found a transporter.
 40572 | Swamp:4  | Entered Level 4 of the Swamp
 40919 | Swamp:4  | Noticed Nikola
 40925 | Swamp:4  | Killed Nikola
 41798 | Swamp:4  | Reached skill level 5 in Fire Magic
 41848 | Swamp:4  | Paralysed by a fenstrider witch for 4 turns
 41850 | Swamp:4  | Slain by an eight-headed hydra

Illustrated notes

Levels and vault maps discovered:
D:1:      psy_arrival_spokes, layout_basic, minmay_misc_feat_ornament,
          minivault_19, corner_web_ring, minmay_pentomino_t2
D:2:      layout_basic, uniq_sigmund
D:3:      layout_rooms, nicolae_gozag_cash_rules_everything_around_me,
          mainiacjoe_overflow_six_doors_small, ebering_dispersal_statue_hall,
          uniq_grinder, uniq_robin
D:4:      layout_loops_ring, kennysheep_cluttered_room, st_stairs_10, uniq_pikel
D:5:      cheibrodos_thug_alley, layout_basic, hangedman_glass_teeth,
          dk_rats_in_the_wall
D:6:      layout_basic, minmay_temple_entry_mini_moons, serial_shops, shop,
          chequers_serial_rivers_micro_c, serial_park_tiny_1
D:7:      wad_woods_stonehenge, layout_loops_cross, grunt_ogre_cave,
          uniq_duvessa
D:8:      minmay_thinvault, layout_rooms, dpeg_oklobed_lair
D:9:      layout_basic, gammafunk_temple_overflow_wave,
          nicolae_dithmenos_the_darkroom, minmay_orc_entry_guard_dogs,
          laboratory
D:10:     layout_roguey, nicolae_kite_square_tiling_tiny, kennysheep_diamond
D:11:     layout_gridville, small_statue_alley_a, nicolae_uskayaw_dance_studio,
          uniq_lodul
D:12:     layout_basic
D:13:     layout_loops_ring, gauntlet_entry_generic, uniq_erolcha
D:14:     layout_basic, david_vaults_4, uniq_josephine
D:15:     grunt_enter_depths_hoard, layout_basic, minivault_19,
          dreamdust_deal_with_the_devil, ashenzari_altar_1, uniq_kirke
Temple:   bh_familiar_temple
Lair:1:   layout_roguey, lemuel_fruit_tree, grunt_megastairs_1, uniq_amaemon
Lair:2:   layout_cave_pods, swamp_mist, guppyfry_snake_entry_island
Lair:3:   layout_regular_city, enter_volcano_4
Lair:4:   layout_regular_city, uniq_nessos
Lair:5:   evilmike_catoblepas_cave, layout_gridlike,
          minmay_slime_entry_jelly_boxes, pdpol_lair_neglected_garden,
          nzn_sisyphean_effort
Swamp:1:  layout_basic_swamp, evilmike_swamp_ruin_house_6
Swamp:2:  layout_basic_swamp, hangedman_swamp_lotus, swamp_pool4,
          infiniplex_staircase_pool_2, uniq_roxanne
Swamp:3:  layout_falls_marsh, gammafunk_ghost_wrathful_warriors,
          nicolae_swamp_little_swirl
Swamp:4:  swamp_old_school, layout_basic_swamp, ebering_ghost_inner_flame,
          infiniplex_staircase_pool, uniq_nikola
Orc:1:    layout_diamond_mine, nicolae_orc_flooded_monolith, trog_butcher_becter
Orc:2:    grunt_orc_community_town_hall, layout_caves,
          grunt_orc_community_big_house_1, grunt_orc_community_big_house_2,
          grunt_orc_community_house_2, grunt_orc_community_house_3,
          grunt_orc_community_house_1, grunt_orc_community_house_2,
          serial_shops, bzr_entry_islet, nicolae_diamond_shop, shop,
          nicolae_shop_waterfront, roderic_batcave, uniq_maurice, uniq_azrael,
          uniq_urug

Skill      XL: |  1  2  3  4  5  6  7  8  9 10 11 12 13 14 15 16 |
---------------+-------------------------------------------------+-----
Spellcasting   | 4 5 6 7 9 10 11 12 13 14 16 17 | 17.9
Earth Magic    | 4 5 6 7 9 10 11 | 11.3
Conjurations   | 1 2 3 4 7 8 10 12 | 12.2
Transmutations | 2 4 |  4.2
Air Magic      | 1 4 6 7 |  7.3
Fighting       | 3 5 6 7 9 10 11 12 | 12.3
Translocations | 2 4 |  4.0
Stealth        | 4 5 9 11 | 11.2
Dodging        | 3 5 9 10 | 10.4
Armour         | 3 |  3.2
Shields        | 4 6 |  6.0
Hexes          | 5 |  5.0
Fire Magic     | 5 |  5.4

Action                     |  1- 3 |  4- 6 |  7- 9 | 10-12 | 13-15 | 16-18 || total
---------------------------+-------+-------+-------+-------+-------+-------++-------
  Melee: Dagger            |       |     4 |    10 |    80 |   212 |     7 ||   313
         Punch             |       |       |       |     3 |     2 |       ||     5
         Staff             |       |       |       |       |     1 |       ||     1
   Cast: Sandblast         |    50 |    34 |    37 |       |       |       ||   121
         Stone Arrow       |       |    13 |   134 |   123 |   252 |    41 ||   563
         Petrify           |       |       |    18 |    36 |    72 |     2 ||   128
         Passwall          |       |       |     3 |     4 |     5 |       ||    12
         Magic Dart        |       |       |     4 |     4 |       |       ||     8
         Blink             |       |       |     2 |    12 |    27 |     6 ||    47
         Swiftness         |       |       |     1 |     9 |    15 |     3 ||    28
         Foxfire           |       |       |       |    39 |    33 |       ||    72
         Airstrike         |       |       |       |   104 |   135 |     1 ||   240
         Hailstorm         |       |       |       |    27 |     5 |       ||    32
         Iron Shot         |       |       |       |    38 |    69 |    10 ||   117
         Mephitic Cloud    |       |       |       |    20 |   101 |     3 ||   124
         Arcjolt           |       |       |       |     4 |    84 |     1 ||    89
         Yara's Violent Un |       |       |       |       |    22 |     2 ||    24
         Iskenderun's Batt |       |       |       |       |    46 |    21 ||    67
         Fireball          |       |       |       |       |       |    61 ||    61
  Evoke: Tin of tremorston |       |       |       |       |     1 |       ||     1
    Use: Scroll            |       |     3 |     2 |    12 |    16 |     1 ||    34
         Potion            |       |       |       |     2 |     8 |     1 ||    11
   Stab: Petrified         |       |       |     2 |    52 |    79 |     2 ||   135
         Petrifying        |       |       |       |     2 |     2 |       ||     4
         Confused          |       |       |       |     1 |    10 |     1 ||    12
         Sleeping          |       |       |       |       |     5 |       ||     5
 Armour: Robe              |     2 |    12 |     9 |    40 |    24 |       ||    87
         Quicksilver drago |       |       |       |       |    87 |    25 ||   112
  Dodge: Dodged            |     1 |    20 |    21 |   109 |   178 |    14 ||   343
  Block: Buckler           |       |       |       |       |   121 |    14 ||   135
         Reflection        |       |       |       |       |     5 |     5 ||    10
         Other             |       |       |       |       |     2 |       ||     2

Table legend: (Time is in decaauts)
 A = Elapsed time spent in this place.
 B = Non-inter-level travel time spent in this place.
 C = Inter-level travel time spent in this place.
 D = Time resting spent in this place.
 E = Time spent auto-exploring this place.
 F = Levels seen in this place.
 G = Mean time per level.
                   A        B        C        D        E       F      G
               +--------+--------+--------+--------+--------+-----+--------+
         Total |  42135 |  38775 |   3360 |  10577 |  21439 |  30 | 1404.5 |
       Dungeon |  20108 |  18118 |   1990 |   2872 |  12647 |  15 | 1340.5 |
        Temple |    202 |    176 |     26 |      0 |    166 |   1 |  202.0 |
          Lair |  10883 |   9854 |   1029 |   3075 |   5037 |   5 | 2176.6 |
         Swamp |   5238 |   5079 |    159 |   2153 |   2008 |   4 | 1309.5 |
  Orcish Mines |   4162 |   4007 |    155 |   1760 |   1393 |   2 | 2081.0 |
        Bazaar |     36 |     36 |      0 |      0 |      0 |   1 |   36.0 |
       Volcano |    653 |    653 |      0 |    234 |      0 |   1 |  653.0 |
      Gauntlet |    849 |    849 |      0 |    483 |    187 |   1 |  849.0 |
               +--------+--------+--------+--------+--------+-----+--------+

Top non-repeatable levels by time:
  Lair:1: 3028 daAuts
     D:8: 2767 daAuts
  Lair:4: 2370 daAuts
     D:9: 2251 daAuts
   Orc:2: 2199 daAuts
   Orc:1: 1963 daAuts
  Lair:2: 1926 daAuts
  Lair:3: 1841 daAuts
  Lair:5: 1716 daAuts
     D:5: 1657 daAuts
     D:4: 1494 daAuts
     D:6: 1467 daAuts
     D:7: 1462 daAuts
 Swamp:2: 1446 daAuts
    D:13: 1386 daAuts
